 Dungeon Crawl Stone Soup version 0.20.0-8-g6b59dc7 (webtiles) character file.

263 miragecloak the Spear-Bearer (level 6, -4/47 HPs)
             Began as a Merfolk Monk on June 1, 2017.
             Slain by an orc
             ... wielding a +0 mace
              (7 damage)
             ... on level 4 of the Dungeon.
             The game lasted 00:03:39 (3790 turns).

miragecloak the Spear-Bearer (Merfolk Monk)         Turns: 3790, Time: 00:03:40

Health: -4/47      AC:  2    Str: 11    XL:     6   Next: 19%
Magic:  6/6        EV: 14    Int: 10    God:
Gold:   96         SH:  0    Dex: 18    Spells: 5/5 levels left

rFire    . . .     SeeInvis .   l - +0 trident
rCold    . . .     Gourm    .   (no shield)
rNeg     . . .     Faith    .   b - +0 robe
rPois    .         Spirit   .   (no helmet)
rElec    .         Reflect  .   (no cloak)
rCorr    .         Harm     .   (no gloves)
MR       .....                  (no boots)
Stlth    ++........             (no amulet)
Regen    0.2/turn               (no ring)
MPRegen  0.1/turn               (no ring)

@: no status effects
A: change form in water, swift swim, stealthy swim
a: no special abilities


You were on level 4 of the Dungeon.
You were not hungry.

You visited 1 branch of the dungeon, and saw 4 of its levels.

You collected 96 gold pieces.

Inventory:

Hand Weapons
 l - a +0 trident (weapon)
Armour
 b - a +0 robe (worn)
Jewellery
 j - an uncursed amulet of harm {unknown}
 n - an uncursed amulet of magic regeneration {unknown}
Scrolls
 f - 3 scrolls of remove curse {unknown}
 g - 3 scrolls of identify {unknown}
 i - a scroll of teleportation {unknown}
 k - a scroll of random uselessness {unknown}
Potions
 d - a potion of lignification
 e - a potion of ambrosia {unknown}
 m - a potion of curing {unknown}
Comestibles
 a - a royal jelly
 c - 3 bread rations
 h - a meat ration


   Skills:
 - Level 3.2 Fighting
 + Level 9.7 Polearms
 - Level 4.0 Dodging
 - Level 2.1 Stealth


You had 5 spell levels left.
You didn't know any spells.

Dungeon Overview and Level Annotations

Branches:
Dungeon (4/15)
 Temple: D:4-7

Altars:


Message History

The orc priest is severely wounded.
The orc priest hits you with a flail!
* * * LOW HITPOINT WARNING * * *
You completely miss the orc priest.
The orc priest is severely wounded.
The orc priest misses you.
An orc comes into view. It is wielding a trident.
The orc shouts!
You puncture the orc priest!
You kill the orc priest!
The orc priest closely misses you.
You hit the orc priest.
The orc priest is moderately wounded.
The orc priest barely misses you. The orc misses you.
You closely miss the orc priest.
The orc priest is moderately wounded.
You barely miss the orc priest.
The orc priest is moderately wounded.
The orc priest barely misses you. The orc hits you with a mace!
You die...

.# .# .# ### .# ##
#.. .# .. #.# .# #.
#.#####o######
###..##.....@o..oo..
........?####o######
##....<........
#...........###
#.###..###### # #..#
.... ###.# .#


You could see an orc priest and 4 orcs.

Vanquished Creatures
  An orc priest (D:4)
  Natasha (thrice) (D:3)
  6 adders
  3 oozes
  6 worms
  2 dart slugs
  A leopard gecko (D:3)
  A giant cockroach (D:3)
  6 goblins
  8 hobgoblins
  2 jackals (D:3)
  16 kobolds
  2 quokkas (D:3)
  9 bats
  4 frilled lizards
  6 rats
76 creatures vanquished.

Notes
Turn   | Place    | Note
-------+----------+-------------------------------------------
     0 | D:1      | miragecloak the Merfolk Monk began the quest for the Orb.
     0 | D:1      | Reached XP level 1. HP: 18/18 MP: 1/1
   153 | D:1      | Reached skill level 5 in Polearms
   165 | D:1      | Reached XP level 2. HP: 23/24 MP: 2/2
   947 | D:2      | Reached XP level 3. HP: 22/29 MP: 3/3
   951 | D:2      | Reached skill level 6 in Polearms
  1371 | D:2      | Reached skill level 7 in Polearms
  1371 | D:2      | Reached XP level 4. HP: 14/35 MP: 4/4
  2612 | D:3      | Reached skill level 8 in Polearms
  2619 | D:3      | Reached XP level 5. HP: 34/41 MP: 5/5
  2744 | D:3      | Noticed Natasha
  2751 | D:3      | HP: 1/41 [Natasha/magic dart (7)]
  2756 | D:3      | Killed Natasha
  2756 | D:3      | HP: 1/61 [bat (1)]
  3232 | D:3      | Noticed Natasha
  3244 | D:3      | Killed Natasha
  3244 | D:3      | Reached skill level 9 in Polearms
  3640 | D:3      | Noticed Natasha
  3649 | D:3      | Killed Natasha
  3649 | D:3      | Reached XP level 6. HP: 45/47 MP: 6/6
  3790 | D:4      | Slain by an orc

Skill      XL: |  1  2  3  4  5 |
---------------+----------------+-----
Polearms       | 5 7 8 9 |  9.7
Fighting       | |  3.2
Dodging        | |  4.0
Stealth        | |  2.1

Action                   |  1- 3 |  4- 6 || total
-------------------------+-------+-------++-------
Melee: Spear             |   109 |       ||   109
       Trident           |    22 |   162 ||   184
  Use: Potion            |       |     1 ||     1
 Stab: Sleeping          |     7 |     6 ||    13
       Distracted        |       |     2 ||     2
  Eat: Chunk             |     1 |     8 ||     9
Armor: Robe              |    10 |     6 ||    16
       Skin              |       |    10 ||    10
Dodge: Dodged            |    55 |    62 ||   117
